Map: Torches LE

Players

Percival - Winner!

  • Race: Terran Terran
  • Spawn Location: 5:00

lemon

  • Race: Protoss Protoss
  • Spawn Location: 1:00

VOD

Have the link to the VOD?

Description

Time

  • Played on: Aug. 26, 2025, 8:40 a.m.
  • Length: 7:48
Show
View Real Time Build Order
Export as new Build Order

Percival Terran - Winner!

Build Orders: Banshee Rush 

Get SALT Encoding   

  12  0:00  SCV  
  13  0:12  SCV  
  14  0:17  Supply Depot  
  14  0:24  SCV  
  15  0:38  SCV  
  16  0:43  Barracks  
  16  0:47  Refinery  
  16  0:51  SCV  
  17  0:57  Refinery  
  17  1:03  SCV  
  18  1:15  SCV  
  19  1:30  Reaper, Orbital Command  
  20  1:33  Engineering Bay  
  20  1:48  Factory  
  20  1:55  SCV  
  20  1:59  Bunker  
  21  2:02  Reaper  
  22  2:12  SCV  
  22  2:14  Supply Depot  
  23  2:34  Starport  
  23  2:36  Hellion, Reaper  
  26  2:38  SCV  
  27  2:46  Supply Depot  
  27  2:49  Supply Depot  
  27  2:50  SCV  
  28  3:02  SCV  
  28  3:04  Hellion  
  31  3:10  Reaper  
  32  3:14  SCV  
  33  3:21  Starport Tech Lab  
  33  3:26  Hellion, SCV  
  32  3:39  SCV  
  32  3:49  Factory Tech Lab, Banshee  
  32  3:50  Cloaking Field  
  35  4:04  Command Center  
  35  4:09  Supply Depot  
  34  4:14  Siege Tank  
  37  4:22  SCV  
  36  4:28  Barracks  
  36  4:32  Banshee  
  39  4:43  Barracks  
  39  4:48  Siege Tank  
  42  4:53  SCV  
  43  5:05  SCV  
  44  5:15  Barracks Reactor  
  44  5:16  Banshee  
  44  5:17  SCV  
  48  5:22  Siege Tank  
  51  5:29  SCV  
  51  5:30  Marine x2  
  54  5:37  Orbital Command  
  54  5:42  SCV  
  51  5:50  Marine x2  
  51  5:51  Marine x2  
  51  5:54  SCV  
  56  5:58  Siege Tank  
  56  6:03  SCV  
  60  6:06  SCV  
  60  6:08  Banshee  
  61  6:11  Marine  
  61  6:16  Supply Depot  
  61  6:17  Marine x3  
  65  6:19  SCV x2  
  67  6:30  Marine, Supply Depot  
  67  6:31  Supply Depot  
  68  6:35  Marine  
  68  6:37  Siege Tank  
  72  6:40  SCV  
  72  6:41  SCV  
  72  6:43  Marine x2  
  76  6:47  Marine  
  76  6:53  Banshee  
  80  6:54  SCV  
  80  6:55  SCV  
  81  7:02  Supply Depot  
  81  7:04  Supply Depot  
  81  7:06  SCV  
  79  7:08  Marine x2  
  79  7:09  Marine  
  79  7:14  SCV  
  82  7:18  SCV  
  86  7:26  Marine x3, SCV  
  86  7:28  Marine  
  91  7:36  SCV  
Show
View Real Time Build Order
Export as new Build Order

lemon Protoss 

Build Orders: 1 Gate Expand, Blink Stalkers 

Get SALT Encoding   

  12  0:00  Probe  
  13  0:12  Probe  
  14  0:17  Pylon  
  14  0:23  Probe  
  15  0:32  Probe  
  15  0:36  Gateway  
  15  0:40  Probe  
  16  0:45  Assimilator  
  17  0:51  Probe  
  18  1:03  Probe  
  19  1:15  Probe  
  20  1:23  Cybernetics Core  
  20  1:33  Probe  
  23  1:44  Nexus  
  23  1:46  Pylon  
  21  1:47  Stalker  
  21  1:49  Assimilator  
  21  2:00  Warp Gate  
  23  2:04  Probe  
  23  2:06  Stalker  
  27  2:22  Probe  
  27  2:30  Stalker  
  27  2:35  Probe, Shield Battery  
  30  2:46  Shield Battery  
  30  2:47  Probe  
  30  2:49  Stalker  
  31  2:57  Probe  
  32  3:03  Probe  
  33  3:08  Pylon  
  32  3:16  Stalker  
  34  3:20  Probe  
  34  3:25  Probe  
  35  3:32  Probe  
  34  3:37  Probe  
  34  3:44  Twilight Council  
  34  3:45  Probe  
  34  3:49  Probe  
  34  3:53  Blink  
  35  3:57  Probe  
  35  3:59  Stalker  
  35  4:01  Probe  
  39  4:06  Shield Battery  
  38  4:17  Probe  
  38  4:19  Phoenix  
  38  4:20  Probe  
  38  4:29  Probe  
  39  4:32  Gateway  
  39  4:34  Probe  
  40  4:39  Sentry  
  40  4:41  Probe  
  43  4:48  Probe  
  44  4:53  Probe  
  44  4:57  Gateway  
  45  5:00  Probe  
  45  5:05  Probe, Robotics Facility  
  47  5:20  Nexus  
  47  5:26  Shield Battery  
  47  5:27  Probe  
  47  5:29  Probe  
  48  5:35  Pylon  
  48  5:39  Probe  
  48  5:41  Probe  
  49  5:46  Observer  
  47  5:51  Probe  
  47  5:53  Charge  
  47  5:55  Stalker x2  
  52  6:00  Observer  
  48  6:10  Probe  
  50  6:13  Probe  
  51  6:19  Stalker  
  51  6:22  Probe  
  51  6:25  Stalker  
  56  6:27  Probe  
  57  6:37  Probe  
  57  6:38  Probe  
  59  6:43  Gateway  
  59  6:45  Dark Shrine  
  59  6:49  Gateway  
  59  6:51  Probe x2  
  61  7:02  Gateway  
  61  7:08  Stalker x2  
  51  7:19  Zealot  
  45  7:35  Stalker x2  
  45  7:36  Probe x2  
  42  7:37  Zealot  
Tags
 
Add a new tag
Caveats
  • Supply blocks, unpowered buildings, or Contaminate may cause inaccurate times.
  • Supply counts are checked every 10 seconds.